 Dungeon Crawl Stone Soup version 0.30-a0-570-g486de37d69 (webtiles) character file.

Game seed: 15147311401726176091

109 Masnef the Shooter (level 4, -2/51 HPs)
             Began as a Barachi Hunter on Dec 29, 2022.
             Slain by Sigmund
             ... wielding a +0 scythe
              (10 damage)
             ... on level 2 of the Dungeon.
             The game lasted 00:03:46 (1656 turns).

Masnef the Shooter (Barachi Hunter)                 Turns: 1656, Time: 00:03:47

Health: -2/51      AC:  5    Str: 13    XL:     4   Next: 89%
Magic:  4/4        EV: 12    Int:  9    God:
Gold:   96         SH:  0    Dex: 17    Spells: 3/3 levels left

rFire   . . .      SeeInvis .    a - +0 shortbow
rCold   . . .      Faith    .    (shield currently unavailable)
rNeg    . . .      Spirit   .    c - +0 leather armour
rPois   .          Reflect  .    (no helmet)
rElec   .          Harm     .    (no cloak)
rCorr   .          Rampage  .    u - +1 pair of gloves
Will    .....                    (no boots) Stlth
                                 (no amulet)
HPRegen 0.28/turn                (no ring)
MPRegen 0.09/turn                (no ring)

@: berserking (expiring), flying, quick
A: amphibious, slowness 1, strong legs 1, +LOS
a: Hop


You were on level 2 of the Dungeon.
You visited 1 branch of the dungeon, and saw 2 of its levels.

You collected 96 gold pieces.

Inventory:

Hand Weapons
 a - a +0 shortbow (weapon)
Missiles
 n - a throwing net
Armour
 c - a +0 leather armour (worn)
 u - a +1 pair of gloves (worn)
Wands
 q - a wand of flame (17)
Scrolls
 b - a scroll of immolation
 d - a scroll of enchant weapon {unknown}
 e - 2 scrolls of teleportation {unknown}
 g - a scroll of poison {unknown}
 h - a scroll of torment {unknown}
 j - a scroll of magic mapping {unknown}
 l - 3 scrolls of identify {unknown}
 o - a scroll of fear {unknown}
Potions
 f - a potion of flight
 i - a potion of might {unknown}
 k - a potion of curing {unknown}
 m - a potion of lignification {unknown}
 p - a potion of degeneration {unknown}
 r - 2 potions of brilliance {unknown}
 s - a potion of berserk rage
 t - a potion of resistance {unknown}


   Skills:
 + Level 2.5 Fighting
 + Level 6.0 Ranged Weapons
 + Level 2.2 Dodging
 - Level 0.8 Stealth


You had 3 spell levels left.
You didn't know any spells.
Your spell library was empty.

Dungeon Overview and Level Annotations

Branches:
Dungeon (2/15)

Altars:
Kikubaaqudgha

Annotations:
D:2 Sigmund


Innate Abilities, Weirdness & Mutations

You are amphibious.
You cover ground slowly.
You can hop short distances.
You have an extended range of vision and can be seen from far away.


Message History

No target in view!
No target in view!
You see here a bat corpse.
Sigmund shouts!
Okay, then.
You shoot an arrow. The arrow hits Sigmund!
Sigmund is moderately wounded.
Sigmund drinks a potion.
Sigmund flickers and vanishes!
Deactivating autopickup; reactivate with Ctrl-A.
A magic dart appears from out of thin air!
The magic dart hits you.
A magic dart appears from out of thin air!
The magic dart hits you.
A magic dart appears from out of thin air!
The magic dart hits you.
Throw: 2 throwing nets
Press: ? - help, Shift-Dir - straight line You throw a throwing net.
You hear some strange, mumbled words.
You are confused.
Something hits you. Something hits you!
* * * LOW HITPOINT WARNING * * *
It was a potion of flight.
You feel very buoyant.
You fly up into the air.
It was a potion of berserk rage.
A red film seems to cover your vision as you go berserk!
You feel yourself moving faster!
You feel mighty! Something hits you.
* * * LOW HITPOINT WARNING * * *
You are too berserk!
You feel a strong urge to attack something.
You are too berserk!
You are too berserk!
You clumsily bash something.
Something hits you.
* * * LOW HITPOINT WARNING * * *
You barely miss something.
You feel less confused. Something hits you but does no damage.
You miss something. Something hits you!
You die...

...##.# #######.....####..♣♣♣.♣.
.####.# ##.......###.#.......♣...
.# #.###..#########...##.♣♣♣♣.⌠.
.####.##..## #....###♣..♣♣...
.........## #####.##.# ♣♣♣.....
..#..##...####.....##÷####.♣♣.8_8
..#...........<######.#... ♣♣♣♣♣
..#..####.###########.#.# #....
.....# #........@{.....(## #....
###### #.........#####...####....
# #.........# ###......... #
########### #...###... # #...#
.... # ######.... #.... #....


There were no monsters in sight!

Vanquished Creatures
  Jessica (D:2)
  Robin (D:2)
  An adder (D:2)
  A worm (D:2)
  5 orcs (D:2)
  5 bats
  2 endoplasms (D:1)
  2 giant cockroaches
  17 goblins
  3 hobgoblins (D:1)
  3 quokkas
  3 ball pythons
  3 frilled lizards (D:1)
  2 kobolds (D:1)
  4 rats (D:1)
53 creatures vanquished.

Notes
Turn   | Place    | Note
-------+----------+-------------------------------------------
     0 | D:1      | Masnef the Barachi Hunter began the quest for the Orb.
     0 | D:1      | Reached XP level 1. HP: 17/17 MP: 1/1
   134 | D:1      | Reached XP level 2. HP: 23/23 MP: 2/2
   377 | D:1      | Reached XP level 3. HP: 28/28 MP: 3/3
   507 | D:1      | Reached skill level 5 in Ranged Weapons
   890 | D:2      | Noticed Sigmund
   927 | D:2      | Noticed Jessica
   930 | D:2      | Noticed Robin
   934 | D:2      | Killed Jessica
   935 | D:2      | Reached XP level 4. HP: 32/34 MP: 4/4
  1070 | D:2      | Killed Robin
  1181 | D:2      | Found an ancient bone altar of Kikubaaqudgha.
  1243 | D:2      | Found a faded altar of an unknown god.
  1314 | D:2      | Reached skill level 6 in Ranged Weapons
  1656 | D:2      | Slain by Sigmund

Illustrated notes

Levels and vault maps discovered:
D:1:      roderic_crossed_star, layout_loops_corners, minmay_pentomino_w2
D:2:      layout_rooms, shapermc_ecumenical_altar_totnotflames, basic_altar,
          minmay_misc_feat_columns, skrybe_limestone_x, uniq_jessica,
          uniq_robin, uniq_sigmund

Skill      XL: |  1  2  3  4 |
---------------+-------------+-----
Ranged Weapons | 5 6 |  6.0
Fighting       | |  2.5
Dodging        | |  2.2
Stealth        | |  0.8

Action                   |  1- 3 |  4- 6 || total
-------------------------+-------+-------++-------
Melee: Shortbow          |       |     3 ||     3
 Fire: Shortbow          |    98 |    56 ||   154
Throw: Throwing net      |       |     1 ||     1
 Abil: Hop               |     1 |       ||     1
  Use: Potion            |       |     2 ||     2
Armor: Leather armour    |    17 |    17 ||    34
Dodge: Dodged            |    22 |    39 ||    61

Table legend: (Time is in decaauts)
 A = Elapsed time spent in this place.
 B = Non-inter-level travel time spent in this place.
 C = Inter-level travel time spent in this place.
 D = Time resting spent in this place.
 E = Time spent auto-exploring this place.
 F = Levels seen in this place.
 G = Mean time per level.
                   A        B        C        D        E       F      G
               +--------+--------+--------+--------+--------+-----+--------+
         Total |   1938 |   1891 |     47 |    114 |   1429 |   2 |  969.0 |
       Dungeon |   1938 |   1891 |     47 |    114 |   1429 |   2 |  969.0 |
               +--------+--------+--------+--------+--------+-----+--------+

Top non-repeatable levels by time:
     D:1: 1156 daAuts
     D:2: 782 daAuts
